 Dungeon Crawl Stone Soup version 0.20.0 (webtiles) character file.

116 Nothus the Slasher (level 5, -1/41 HPs)
             Began as a Barachi Fighter on June 11, 2017.
             Was an Initiate of Ru.
             Slain by an ooze (4 damage)
             ... on level 2 of the Dungeon.
             The game lasted 00:05:14 (1647 turns).

Nothus the Slasher (Barachi Fighter)                Turns: 1647, Time: 00:05:15

Health: -1/41      AC: -2    Str: 22    XL:     5   Next: 1%
Magic:  5/5        EV:  7    Int:  8    God:    Ru [......]
Gold:   56         SH:  9    Dex: 13    Spells: 4/4 levels left

rFire    . . .     SeeInvis .   a - +0 long sword
rCold    . . .     Gourm    .   l - +0 shield (curse)
rNeg     . . .     Faith    .   b - +0 scale mail
rPois    .         Spirit   .   (no helmet)
rElec    .         Reflect  .   r - +0 cloak
rCorr    .         Harm     .   k - +0 pair of gloves
MR       .....                  (no boots)
Stlth    ..........             (no amulet)
Regen    0.2/turn               (no ring)
MPRegen  0.1/turn               (no ring)

@: mighty, corroded, slow
A: +LOS, swims, slowness 1, strong legs 1
a: Hop, Renounce Religion


You were on level 2 of the Dungeon.
You worshipped Ru.
Ru was noncommittal.
You were very hungry.

You visited 1 branch of the dungeon, and saw 2 of its levels.

You collected 56 gold pieces.

Inventory:

Hand Weapons
 a - a +0 long sword (weapon)
Armour
 b - a +0 scale mail (worn)
 c - a +0 shield
 k - a +0 pair of gloves (worn)
 l - a cursed +0 shield (worn)
 r - a +0 cloak (worn)
Scrolls
 e - 2 scrolls of identify {unknown}
 h - a scroll of remove curse {unknown}
 i - a scroll of fear {unknown}
 j - a scroll of immolation {unknown}
 p - a scroll of noise {unknown}
 q - a scroll of random uselessness {unknown}
Comestibles
 f - 2 bread rations
 m - 2 meat rations
 n - a royal jelly


   Skills:
 - Level 3.6 Fighting
 + Level 6.0 Long Blades
 - Level 3.6 Armour
 - Level 3.2 Shields


You had 4 spell levels left.
You didn't know any spells.

Dungeon Overview and Level Annotations

Branches:
Dungeon (2/15)

Altars:
Ru


Innate Abilities, Weirdness & Mutations

Shadows flee at your approach. (+LOS)
You can swim through water.
You cover ground slowly.
You can hop short distances.


Message History

Your Long Blades skill increases to level 6!
You have reached level 5!
You hit the ooze but do no damage. You block the ooze's attack.
You hit the ooze but do no damage. You block the ooze's attack.
You hit the ooze.
The ooze is lightly wounded.
The ooze hits you.
* * * LOW HITPOINT WARNING * * *
Your shield prevents you from hitting the ooze.
The ooze is lightly wounded.
You block the ooze's attack.
Your shield and scale mail prevent you from hitting the ooze.
The ooze is lightly wounded.
The ooze hits you.
* * * LOW HITPOINT WARNING * * *
The ooze hits you.
* * * LOW HITPOINT WARNING * * *
The ooze jiggles.
The ooze hits you.
You die...

########(##.....##.#.#
#....'..####.#...#.#.#
#....#### #.#.###.#.#
#.......####.#...#.#.#
#.......##...#.#...#.#
#.......##.#.#.###.#.#
#.......##)###.# #...#
##...J.###...#.#######
##..@####.###.....#
##'''###....#####.#
#......).##.....#.#
###..(.####.....#.#
###### #.....#.#
#.....#.# #.....#.#
#####.#.# #.#.#


You could see an ooze.

Vanquished Creatures
  2 jellies (D:2)
  4 oozes (D:2)
  A worm (D:2)
  2 dart slugs
  3 bats
  2 giant cockroaches
  5 goblins
  2 hobgoblins (D:1)
  A frilled lizard (D:2)
  12 kobolds
  2 rats
36 creatures vanquished.

Vanquished Creatures (others)
  2 fungi (D:2)
  6 toadstools (D:2)
8 creatures vanquished.

Grand Total: 44 creatures vanquished

Notes
Turn   | Place    | Note
-------+----------+-------------------------------------------
     0 | D:1      | Nothus the Barachi Fighter began the quest for the Orb.
     0 | D:1      | Reached XP level 1. HP: 18/18 MP: 1/1
   163 | D:1      | Reached skill level 3 in Long Blades
   164 | D:1      | Reached XP level 2. HP: 24/24 MP: 2/2
   962 | D:2      | Reached skill level 4 in Long Blades
  1096 | D:2      | Found a sacrificial altar of Ru.
  1103 | D:2      | Became a worshipper of Ru the Awakened
  1146 | D:2      | Reached XP level 3. HP: 18/29 MP: 3/3
  1615 | D:2      | Reached skill level 5 in Long Blades
  1615 | D:2      | Reached XP level 4. HP: 32/36 MP: 4/4
  1635 | D:2      | Reached skill level 6 in Long Blades
  1635 | D:2      | Reached XP level 5. HP: 9/41 MP: 5/5
  1640 | D:2      | HP: 2/41 [ooze (1)]
  1647 | D:2      | Slain by an ooze

Skill      XL: |  1  2  3  4 |
---------------+-------------+-----
Long Blades    | 3 4 5 6 |  6.0
Fighting       | |  3.6
Armour         | |  3.6
Shields        | |  3.2

Action                   |  1- 3 |  4- 6 || total
-------------------------+-------+-------++-------
Melee: Long sword        |   109 |    16 ||   125
  Use: Potion            |       |     2 ||     2
  Eat: Chunk             |     2 |       ||     2
Armor: Scale mail        |    42 |       ||    42
Dodge: Dodged            |    29 |     3 ||    32
Block: Shield            |    46 |    10 ||    56
       Rpst.: Long sword |    13 |       ||    13
